 Dungeon Crawl Stone Soup version 0.30.1-9-gdf580d7c3d (webtiles) character file.

Game seed: 11174379569869293504

516 tkbsonic5 the Shield-Bearer (level 7, 0/90 HPs)
             Began as a Gnoll Fighter on Oct 26, 2023.
             Succumbed to Dowan's poison
             ... on level 4 of the Dungeon.
             The game lasted 00:09:31 (2787 turns).

tkbsonic5 the Shield-Bearer (Gnoll Fighter)         Turns: 2787, Time: 00:09:31

Health: 0/90       AC: 23    Str: 24    XL:     7   Next: 20%
Magic:  10/10      EV:  2    Int:  7    God:
Gold:   19         SH:  5    Dex: 11    Spells: 10/10 levels left

rFire   . . .        a - +0 war axe
rCold   . . .        c - +0 buckler
rNeg    . . .        j - melded +0 chain mail
rPois   +            (helmet currently unavailable)
rElec   .            (cloak currently unavailable)
rCorr   .            (gloves currently unavailable)
SInv    +            (boots currently unavailable)
Will    .....        r - amulet of regeneration
Stlth   ++           o - +6 ring of strength
HPRegen 1.15/turn    s - ring of see invisible
MPRegen 0.12/turn

%: no passive effects
@: lethally poisoned (0 -> -4), tree-form, invisible
A: stationary, stasis, torment immunity, boosted hp, (fangs 1), strong nose,
distributed training
a: no special abilities


You were on level 4 of the Dungeon.
You were a tree.
You visited 1 branch of the dungeon, and saw 5 of its levels.

You collected 154 gold pieces.
You spent 135 gold pieces at shops.

Inventory:

Hand Weapons
 a - a +0 war axe (weapon)
Missiles
 p - a boomerang (quivered)
Armour
 b - a +0 scale mail
 c - a +0 buckler (worn)
 j - a +0 chain mail (melded)
Jewellery
 o - a +6 ring of strength (left branch)
 r - an amulet of regeneration (around neck)
 s - a ring of see invisible (right branch)
Scrolls
 e - 2 scrolls of magic mapping
 g - 3 scrolls of teleportation
Potions
 m - a potion of brilliance
 n - a potion of cancellation {unknown}
 q - a potion of resistance {unknown}


   Skills:
 + Level 7.0 Fighting
 + Level 2.4 Short Blades
 + Level 2.4 Long Blades
 + Level 5.2 Axes
 + Level 2.4 Maces & Flails
 + Level 2.4 Polearms
 + Level 2.4 Staves
 + Level 2.4 Ranged Weapons
 + Level 2.4 Throwing
 + Level 7.0 Armour
 + Level 2.4 Dodging
 + Level 2.4 Stealth
 + Level 7.0 Shields
 + Level 2.4 Unarmed Combat
 + Level 2.4 Spellcasting
 + Level 2.0 Conjurations
 + Level 2.0 Hexes
 + Level 2.0 Summonings
 + Level 2.0 Necromancy
 + Level 2.0 Translocations
 + Level 2.0 Transmutations
 + Level 2.0 Fire Magic
 + Level 2.0 Ice Magic
 + Level 2.0 Air Magic
 + Level 2.0 Earth Magic
 + Level 2.0 Poison Magic
 + Level 2.7 Invocations
 + Level 2.4 Evocations


You had 10 spell levels left.
You didn't know any spells.
Your spell library contained the following spells:

 Spells                   Type           Power      Damage    Failure   Level
 Olgreb's Toxic Radiance  Pois           3%         N/A       88%         4
 Discord                  Hex            1%         N/A       100%        8
 Ignition                 Fire           1%         3d3       100%        8


Dungeon Overview and Level Annotations

Branches:
Dungeon (5/15)
 Temple: D:4-7

Altars:

Shops:
D:4 :*

Annotations:
D:4 Dowan


Innate Abilities, Weirdness & Mutations

You are a tree.
Your roots penetrate the ground, keeping you stationary.
You cannot be teleported.
You are immune to unholy pain and torment.
Your maximum health is greatly increased.
Your equipment is partially melded.
((You have very sharp teeth.))
Your uncanny sense of smell can sniff out nearby items.
Your experience applies equally to all skills.


Message History

You block Dowan's attack. Dowan hits you but does no damage.
You are more poisoned.
You closely miss Dowan. You bite Dowan.
Dowan is heavily wounded.
You feel extremely sick. You block Dowan's attack.
Dowan hits you but does no damage.
You are more poisoned.
You barely miss Dowan.
Dowan is heavily wounded.
You feel extremely sick. You block Dowan's attack. Dowan barely misses you.
You slash Dowan!
Dowan is severely wounded.
You feel very sick.
Dowan drinks a potion.
Dowan is healed!
You hit Dowan.
Dowan is heavily wounded.
You feel very sick. Dowan hits you but does no damage.
You are more poisoned.
Dowan casts a spell at you. The shard of ice hits you!!
* * * LOW HITPOINT WARNING * * *
It was a potion of lignification.
You turn into a tree.
Your +0 chain mail melds into your body.
Your roots penetrate the ground.
* * * LOW HITPOINT WARNING * * *
You feel very sick. Dowan hits you but does no damage.
Dowan says, "Her death will not be in vain!"
Dowan hits you but does no damage.
It was a potion of invisibility.
You fade into invisibility!
* * * LOW HITPOINT WARNING * * *
You feel very sick.
Dowan hits you with a +2 dagger of venom.
* * * LOW HITPOINT WARNING * * *
You hit Dowan.
Dowan is severely wounded.
You die...

######## # ########
#....... #. #......#
#....... #.. #......#
#....... #... #......#
#......# #....##......#
#......#
......e....).####......#
#...)♣...............#
#....................<.#
.......................#
.......>..............##
.......###...........##.
..[.... #...........##.
....... ########'#####.
....... .. ........
#####.#.######.##....


You could see Dowan (fast, unable to see you).

Vanquished Creatures
  Eustachio (D:4)
  Duvessa (D:4)
  An orc priest (D:4)
  2 hounds (D:4)
  A sleepcap (D:4)
  Robin (D:4)
  An adder (D:2)
  A worm (D:3)
  3 dart slugs
  8 orcs
  7 ball pythons
  10 endoplasms
  6 giant cockroaches
  14 goblins
  10 hobgoblins
  8 kobolds
  3 quokkas
  7 bats
  5 frilled lizards
  5 rats
95 creatures vanquished.

Notes
Turn   | Place    | Note
-------+----------+-------------------------------------------
     0 | D:1      | tkbsonic5 the Gnoll Fighter began the quest for the Orb.
     0 | D:1      | Reached XP level 1. HP: 23/23 MP: 1/1
   128 | D:1      | Reached XP level 2. HP: 26/29 MP: 2/2
   271 | D:1      | Reached XP level 3. HP: 32/35 MP: 3/3
   524 | D:1      | Reached skill level 1 in Invocations
  1007 | D:2      | Reached skill level 1 in Short Blades
  1007 | D:2      | Reached skill level 1 in Long Blades
  1007 | D:2      | Reached skill level 1 in Maces & Flails
  1007 | D:2      | Reached skill level 1 in Polearms
  1007 | D:2      | Reached skill level 1 in Staves
  1007 | D:2      | Reached skill level 1 in Ranged Weapons
  1007 | D:2      | Reached skill level 1 in Throwing
  1007 | D:2      | Reached skill level 1 in Dodging
  1007 | D:2      | Reached skill level 1 in Stealth
  1007 | D:2      | Reached skill level 1 in Unarmed Combat
  1007 | D:2      | Reached skill level 1 in Spellcasting
  1007 | D:2      | Reached skill level 1 in Evocations
  1023 | D:2      | Reached XP level 4. HP: 32/41 MP: 5/5
  2082 | D:3      | Reached skill level 1 in Conjurations
  2082 | D:3      | Reached skill level 1 in Hexes
  2082 | D:3      | Reached skill level 1 in Summonings
  2082 | D:3      | Reached skill level 1 in Necromancy
  2082 | D:3      | Reached skill level 1 in Translocations
  2082 | D:3      | Reached skill level 1 in Transmutations
  2082 | D:3      | Reached skill level 1 in Fire Magic
  2082 | D:3      | Reached skill level 1 in Ice Magic
  2082 | D:3      | Reached skill level 1 in Air Magic
  2082 | D:3      | Reached skill level 1 in Earth Magic
  2082 | D:3      | Reached skill level 1 in Poison Magic
  2305 | D:4      | Found Zatosuy's Book Boutique.
  2309 | D:4      | Reached XP level 5. HP: 39/47 MP: 5/7
  2371 | D:4      | Noticed Robin
  2381 | D:4      | Killed Robin
  2613 | D:5      | Entered Level 5 of the Dungeon
  2680 | D:4      | Found Watol's Assorted Antiques.
  2685 | D:4      | Bought a large bone ring for 135 gold pieces
  2705 | D:4      | Reached XP level 6. HP: 53/53 MP: 8/8
  2731 | D:4      | Noticed Eustachio
  2737 | D:4      | Killed Eustachio
  2738 | D:4      | Reached skill level 5 in Axes
  2758 | D:4      | Noticed Duvessa
  2759 | D:4      | Noticed Dowan
  2776 | D:4      | Killed Duvessa
  2777 | D:4      | Reached XP level 7. HP: 56/60 MP: 10/10
  2785 | D:4      | HP: 4/90 [poisoned by Dowan]
  2786 | D:4      | HP: 1/90 [Dowan/+2 dagger of venom (1)]
  2787 | D:4      | Succumbed to Dowan's poison

Illustrated notes

Levels and vault maps discovered:
D:1:      ncdulo_smallfort, layout_basic
D:2:      layout_loops_corners, minmay_pentomino_pile
D:3:      layout_basic
D:4:      layout_basic, serial_shops, shop, nicolae_diamond_shop,
          nicolae_shop_just_a_little_nook, feat_on_display, uniq_grinder,
          uniq_robin, uniq_duvessa, uniq_crazy_yiuf_cottage, uniq_eustachio,
          uniq_menkaure
D:5:      layout_basic, nicolae_overflow_squiral, gup_sewer_entry_pipe

Skill      XL: |  1  2  3  4  5  6 |
---------------+-------------------+-----
Invocations    | 1 2 |  2.7
Short Blades   | 1 2 |  2.4
Long Blades    | 1 2 |  2.4
Maces & Flails | 1 2 |  2.4
Polearms       | 1 2 |  2.4
Staves         | 1 2 |  2.4
Ranged Weapons | 1 2 |  2.4
Throwing       | 1 2 |  2.4
Dodging        | 1 2 |  2.4
Stealth        | 1 2 |  2.4
Unarmed Combat | 1 2 |  2.4
Spellcasting   | 1 2 |  2.4
Evocations     | 1 2 |  2.4
Conjurations   | 1 2 |  2.0
Hexes          | 1 2 |  2.0
Summonings     | 1 2 |  2.0
Necromancy     | 1 2 |  2.0
Translocations | 1 2 |  2.0
Transmutations | 1 2 |  2.0
Fire Magic     | 1 2 |  2.0
Ice Magic      | 1 2 |  2.0
Air Magic      | 1 2 |  2.0
Earth Magic    | 1 2 |  2.0
Poison Magic   | 1 2 |  2.0
Axes           | 5 |  5.2
Fighting       | 7 |  7.0
Armour         | 7 |  7.0
Shields        | 7 |  7.0

Action                     |  1- 3 |  4- 6 |  7- 9 || total
---------------------------+-------+-------+-------++-------
  Melee: War axe           |   106 |   121 |     9 ||   236
         Bite              |    10 |    12 |     2 ||    24
  Throw: Boomerang         |       |    12 |       ||    12
    Use: Scroll            |       |     8 |       ||     8
         Potion            |       |     1 |     2 ||     3
 Armour: Scale mail        |    38 |       |       ||    38
         Chain mail        |    22 |    58 |     7 ||    87
         Skin              |       |       |     2 ||     2
  Dodge: Dodged            |    41 |    46 |     1 ||    88
  Block: Buckler           |    40 |    32 |     4 ||    76
